Cogmind - Beta 14 @@@ ROGUE MODE // 2025.01.04 @ 08:20:12 Player: sag Result: Destroyed by G-34 Mercenary with Small Laser Performance ------------- Evolutions (0) 0 Regions Visited (2) 400 Robots Destroyed (12) 60 Value Destroyed (397) 397 Prototype IDs (0) 0 Alien Tech Used (0) 0 Bonus (0) 0 TOTAL SCORE: 857 Bonus ------- None Cogmind --------- Core Integrity 0/250 Matter 410/450 Energy 248/250 System Corruption 0% Temperature Cool (6) Movement Rolling (95) Ox1 Location -10/Mines Parts ------- > --- POWER (1) -------- Ion Engine > --- PROPULSION (2) --- Wheel Wheel > --- UTILITY (2) ------ Large Storage Unit Large Matter Pod > --- WEAPON (2) ------- Makeshift Hammer > --- INVENTORY (15) --- Large Matter Pod (1) Peak State ------------ > --- POWER ------------ Ion Engine > --- PROPULSION ------- Aluminum Leg Aluminum Leg > --- UTILITY ---------- Heat Sink Visual Processing Unit > --- WEAPON ----------- Particle Gun Light Assault Rifle > --- INVENTORY -------- Wheel Wheel [Rating: 9] Favorites ----------- Power Ion Engine Engine Ion Engine Propulsion Aluminum Leg Leg Aluminum Leg Wheel Wheel Hover Unit Hover Unit Utility Large Matter Pod Device Heat Sink Storage Large Matter Pod Processor Visual Processing Unit Weapon Particle Gun Energy Gun Particle Gun Ballistic Gun Light Assault Rifle Impact Weapon Makeshift Hammer Build | -11 -10 -10 ------- Run | Yrd Mat Min Slots Evolved . | . . . Power . | . . . Propulsion . | . . . Utility . | . . . Weapon . | . . . Parts Attached 21 | 6 14 1 Power 3 | 1 2 . Engine 3 | 1 2 . Core . | . . . Reactor . | . . . Propulsion 7 | 2 5 . Treads . | . . . Leg 4 | 2 2 . Wheel 2 | . 2 . Hover 1 | . 1 . Flight . | . . . Utility 5 | 1 4 . Device 1 | 1 . . Storage 3 | . 3 . Processor 1 | . 1 . Hackware . | . . . Protection . | . . . Artifact . | . . . Weapon 6 | 2 3 1 Energy Gun 3 | . 3 . Energy Cannon . | . . . Ballistic Gun 2 | 2 . . Ballistic Cannon . | . . . Launcher . | . . . Special Weapon . | . . . Impact Weapon 1 | . . 1 Slashing Weapon . | . . . Piercing Weapon . | . . . Special Melee Weapon . | . . . Unidentified Prototypes . | . . . Parts Lost 6 | . 6 . Power 1 | . 1 . Propulsion 3 | . 3 . Utility . | . . . Weapon 2 | . 2 . Highest Loss Streak 5 | . 5 . To Critical Strikes . | . . . Average Slot Usage (%) 86 | . 88 73 Engine 13 | . 13 14 Leg 18 | . 20 . Wheel 3 | . . 28 Hover 1 | . 1 . Device 5 | . 6 . Storage 16 | . 15 28 Processor 2 | . 2 . Energy Gun 13 | . 15 . Ballistic Gun 8 | . 9 . Peak Build Rating 9 | 6 9 9 Average Rating 6 | 3 7 5 On Entrance 3 | . 6 5 Naked Turns . | . . . Heaviest Build 33 | 7 33 31 Greatest Support 20 | 20 20 20 Greatest Overweight (x) 8 | . 8 1 Average Overweight (x) . | . . 1 Largest Inventory Capacity 15 | 5 15 15 Average Capacity 7 | 5 7 15 Most Carried 5 | 4 5 2 Average Carried 3 | 2 3 1 Final Capacity 15 | 5 15 15 Final Carried 4 | 4 1 1 Class Distribution -------------------- 85% | Mutant 14% | Scavenger-Mutant Dominant Class ---------------- Mutant | -10/Materials Mutant | -10/Mines Resources | -11 -10 -10 ----------- Run | Yrd Mat Min Matter Collected 608 | 230 378 . Remotely . | . . . Salvage Created 507 | 47 460 . Parts 22 | 3 19 . Haulers Intercepted 1 | . 1 . Recyclers Shooed . | . . . Parts Field Recycled . | . . . Retrieved Matter . | . . . Parts Self-Destructed . | . . . Prevented . | . . . Kills | -11 -10 -10 ------- Run | Yrd Mat Min Combat Hostiles Destroyed 10 | 1 9 . Guns 9 | 1 8 . Classes Destroyed 3 | 1 2 . Hauler 1 | . 1 . Watcher 1 | . 1 . Grunt 10 | 1 9 . Best Kill Streak 4 | 1 4 . Combat Bots Only 2 | 1 2 . Max Kills in Single Turn 1 | 1 1 . Gunslinging . | . . . Exploded . | . . . Melee . | . . . Uniques/NPCs Destroyed . | . . . Combat | -11 -10 -10 -------- Run | Yrd Mat Min Hostile Shots Fired 123 | 6 105 12 Missed 44 | 2 36 6 Damage Taken 969 | 43 846 80 Core 256 | 10 209 37 Absorbed by Shields . | . . . Core Remaining (%) 96 | 96 . . Volleys Fired 68 | 4 64 . Largest 2 | 2 2 . Hottest 105 | 40 105 . Shots Fired 104 | 8 96 . Gun 104 | 8 96 . Cannon . | . . . Launcher . | . . . Special . | . . . Kinetic 63 | 8 55 . Thermal 32 | . 32 . Explosive . | . . . Electromagnetic 9 | . 9 . Robot Hit Streak 7 | 3 7 . Robot Miss Streak 6 | 2 6 . Penetration Max . | . . . Secondary Targets 1 | . 1 . Max Gunslinging Chain 1 | . 1 . Shots Hit Robots 58 | 4 54 . Core Hits 28 | 2 26 . Critical Kills . | . . . Critical Parts Destroyed . | . . . Critical Strikes 2 | . 2 . Burn 2 | . 2 . Melee Attacks . | . . . Impact . | . . . Slashing . | . . . Piercing . | . . . Sneak Attacks . | . . . Combat Hostiles . | . . . Follow-up Attacks . | . . . Damage Inflicted 781 | 52 729 . Guns 781 | 52 729 . Cannons . | . . . Explosions . | . . . Melee . | . . . Ramming . | . . . Kinetic 368 | 52 316 . Thermal 320 | . 320 . Explosive . | . . . Electromagnetic 93 | . 93 . Impact . | . . . Slashing . | . . . Piercing . | . . . Highest Corruption . | . . . Average Corruption . | . . . Corruption Purged . | . . . Corruption Blocked . | . . . Overload Shots . | . . . Overflow Damage . | . . . Projectiles . | . . . Explosions . | . . . Melee . | . . . Knockbacks . | . . . Impact . | . . . Kinetic . | . . . Secondary . | . . . Self-Inflicted Damage . | . . . Shots . | . . . Rammed . | . . . Targets Rammed . | . . . Kicked . | . . . Crushed . | . . . Highest Temperature 402 | 6 402 . Average Temperature 172 | 6 178 . Received Heat Transfer 567 | 24 495 48 Effects 4 | . 4 . Shutdowns 1 | . 1 . Energy Bleed 1 | . 1 . Interference 2 | . 2 . Siege Activations . | . . . Robots Corrupted . | . . . Combat Hostiles . | . . . Parts Fried . | . . . Impact Corruptions . | . . . Robots Melted 1 | . 1 . Combat Hostiles 1 | . 1 . Parts Melted 1 | . 1 . Heat Transferred 925 | . 925 . Parts Sabotaged . | . . . Parts Stolen . | . . . Parts Stripped . | . . . Power Chain Reactions . | . . . Alert | -11 -10 -10 ------- Run | Yrd Mat Min Peak Influence 212 | 20 212 59 Initial 14 | . 13 14 Average 75 | 2 92 38 Maximum Alert Level 1 | . 1 . Low Security (%) 97 | 100 97 100 Level 1 2 | . 2 . Level 2 . | . . . Level 3 . | . . . Level 4 . | . . . Level 5 . | . . . High Security . | . . . Max Security . | . . . Squads Dispatched 1 | . 1 . Investigation 1 | . 1 . Extermination . | . . . Reinforcement . | . . . Assault . | . . . Garrison . | . . . Intercept . | . . . Searches Triggered . | . . . Construction Impeded . | . . . Haulers Reinforced . | . . . Active Scanning Responses . | . . . Cargo Convoy Interrupts . | . . . Stealth | -11 -10 -10 --------- Run | Yrd Mat Min Distress Signals 1 | . 1 . Communications Jammed . | . . . Distress Signals . | . . . Times Spotted 26 | 1 21 4 Peak Tracking Total 6 | 1 6 2 Tactical Retreats 3 | . 1 2 Traps | -11 -10 -10 ------- Run | Yrd Mat Min Traps Triggered 3 | . 3 . Indirectly . | . . . Trap Hack Attempts . | . . . Triggered . | . . . Disarmed . | . . . Reprogrammed . | . . . Reused . | . . . Traps Extracted . | . . . Installed . | . . . Triggered . | . . . Machines | -11 -10 -10 ---------- Run | Yrd Mat Min Machines Disabled . | . . . Max in Single Turn . | . . . Machines Repaired . | . . . Machines Dismantled . | . . . Machines Sabotaged . | . . . Overloaded Fab Kills . | . . . Hacking | -11 -10 -10 --------- Run | Yrd Mat Min Machines Accessed . | . . . Terminals . | . . . Fabricators . | . . . Repair Stations . | . . . Recycling Units . | . . . Scanalyzers . | . . . Garrison Access . | . . . Total Hacks . | . . . Successful . | . . . Failed . | . . . Catastrophic . | . . . Database Lockouts . | . . . Manual . | . . . Terminals . | . . . Fabricators . | . . . Repair Stations . | . . . Recycling Units . | . . . Scanalyzers . | . . . Garrison Access . | . . . Terminal Hacks . | . . . Fabricator Hacks . | . . . Repair Station Hacks . | . . . Recycling Unit Hacks . | . . . Scanalyzer . | . . . Garrison Access Hacks . | . . . Unauthorized Hacks . | . . . Terminals . | . . . Fabricators . | . . . Repair Stations . | . . . Recycling Units . | . . . Scanalyzers . | . . . Garrison Access . | . . . Data Cores Recovered . | . . . Used . | . . . Hacking Detections . | . . . Full Trace Events . | . . . Feedback Events . | . . . Feedback Blocked . | . . . Robot Schematics Acquired . | . . . Robots Built . | . . . Authchips . | . . . Time . | . . . Total Robot Build Rating . | . . . Part Schematics Acquired . | . . . Parts Built . | . . . Authchips . | . . . Time . | . . . Total Part Build Rating . | . . . Parts Repaired . | . . . Time . | . . . Parts Recycled . | . . . Recycled Matter . | . . . Retrieved Matter . | . . . Retrieved Components . | . . . Parts Scanalyzed . | . . . Part Schematics Acquired . | . . . Parts Damaged . | . . . Bothacking | -11 -10 -10 ------------ Run | Yrd Mat Min Used RIF Installer . | . . . Robots Hacked . | . . . Non-combat . | . . . Combat . | . . . Robot Hacks Applied . | . . . Relay Couplers Released . | . . . Fabnet Peak Effective % . | . . . Robots Rewired . | . . . Allies Hacked . | . . . Hacks Repelled . | . . . Allies | -11 -10 -10 -------- Run | Yrd Mat Min Total Allies . | . . . Largest Group . | . . . Highest-Rated Group . | . . . Highest-Rated Ally . | . . . Total Orders . | . . . Ally Attacks . | . . . Total Damage . | . . . Kills . | . . . Allies Corrupted . | . . . Allies Melted . | . . . Intel | -11 -10 -10 ------- Run | Yrd Mat Min Robot Analysis Total . | . . . Derelict Logs Recovered . | . . . Drone Launches . | . . . Drone Recoveries . | . . . Exploration | -11 -10 -10 ------------- Run | Yrd Mat Min Turns Passed 825 | 115 643 67 Spaces Moved 462 | 90 303 69 Core 32 | 28 4 . Treads . | . . . Legs 314 | 62 252 . Wheels 96 | . 27 69 Hover 20 | . 20 . Flight . | . . . Fastest Speed 50 | 50 95 95 Average Speed 129 | 98 147 95 Slowest Speed 450 | 120 450 95 Overloaded Moves . | . . . Propulsion Burnouts . | . . . Robots Hopped . | . . . Cave-ins Triggered . | . . . Exploration Rate (%) 21 | 7 36 20 Regions Visited 2 Branch Regions 1 Pre-discovered Areas . | . . . Known Exits Taken . | . . . Unknown Exits Taken 2 | 1 1 . Scrap Searched . | . . . Spaces Dug . | . . . Terrain Destroyed . | . . . Melee . | . . . Projectile . | . . . AOE . | . . . Terrain Rammed . | . . . Walls Destroyed . | . . . Machines Disabled . | . . . Actions | -11 -10 -10 --------- Run | Yrd Mat Min Total 592 | 109 412 71 Wait 15 | . 15 . Move 460 | 89 302 69 Hop . | . . . Pick Up 21 | 10 10 1 Fast Attach 1 | . 1 . Attach 19 | 6 12 1 Detach 1 | . 1 . Swap 1 | . 1 . Drop 6 | . 6 . Fire 68 | 4 64 . Melee . | . . . Ram . | . . . Kick . | . . . Crush . | . . . Escape Stasis . | . . . Rewire . | . . . Trap . | . . . Miscellaneous . | . . . Route ------- -11/Scrapyard -10/Materials (discovered 3 exits: [*Mat x2] / [*Min]) -10/Mines History --------- Turn | Location | Event 2 | -11/Scrapyard | Met Revision 17 84 | -11/Scrapyard | Discovered new exit (range 8) 116 | -11/Scrapyard | Entered Materials 184 | -10/Materials | Discovered new exit (range 8) 418 | -10/Materials | Discovered new exit (range 3) 530 | -10/Materials | Discovered new exit (range 14) 689 | -10/Materials | Build established: Mutant 692 | -10/Materials | Core integrity fell below 50% 750 | -10/Materials | Core integrity fell below 20% 759 | -10/Materials | Entered Mines 760 | -10/Mines | Lost 5 parts (1p2n2w) 811 | -10/Mines | A weapon hastily lodged in a ceiling crevice suddenly fell to the ground 826 | -10/Mines | Destroyed by G-34 Mercenary with Small Laser Last Messages --------------- K-01 Serf collects debris. R-06 Scavenger collects Heat Sink. K-01 Serf collects debris. Acquired 41 matter. K-01 Serf collects debris. Acquired 42 matter. K-01 Serf collects debris. Particle Gun destroyed. K-01 Serf collects debris. K-01 Serf destroyed. R-06 Scavenger collects Sml. Matter Pod. R-06 Scavenger collects Wheel. R-06 Scavenger collects Lgt. Ion Engine. LOCATION=UNKNOWN GOAL=ESCAPE K-01 Serf collects debris. A Mak. Hammer has been hastily shoved under some rubble with a note attached: "Who needs nails when you have Unaware?" Acquired Mak. Hammer. Bump into an enemy to attack with the active melee weapon. Even while active, melee weapons do not fire together with ranged weapons in the same volley. Map ----- +----------------------------------------------------+ | ????????????????????????????????# #??? | | ????????????????????????????????#### ##########??? | | ???????????????????????????????????# #???????????? | | ?????????????????????????# ####### #####???????? | | ??????????????????????????# #???????? | | ???????????????????????????# ### ###### #???????? | | ??????????????????????????????????????# #???????? | | ????????????????????????????????????### #???????? | | ???????????????????????????????????## # ###?????? | | ???????????????????????????????# ### ##????? | | ???????????????????????????????# #????? | | ???????????????????????????????###### #????? | | ????????????????????????????????????## ##????? | | ?????????????????????????????????????# ##?????? | | ????????????????????????????????????## #??????? | | ???????????????????????????????????## #??????? | | ???????????????????????????????????# #??????? | | ?????????????????????????????####### #??????? | | ?????????????????????????????# #??????? | | ????????????????????????###### ##### #??????? | | ????????????????????????# #???# ##??????? | | ????????????????????????# #####???# #???????? | | ????????????????????????#gg#???????# #??????? | | ????????????????????????# #??????? #??????? | | ????????????????????????# #??????# ##??????? | | ????????????????????????#@ #??????# ##???????? | | ????????????????????????# ######?## ##????????? | | ?????????### ?????????### #??#####?????????? | | ?????????? ??????## #### #????????????????? | | ???????????""" ##### #### #????????????????? | | ???????????""" #????????????????? | | ???????????""" ### #### #???????????? | | ??????????????????# #??????## #???????????? | | ??????????????????# ##?????????????????????? | | ??????????????????# ##??????????????????????? | | ??????????????????## ## #???????????????????????? | | ???????????????????## ?# #???????????????????????? | | ????????????????????# ?# #???????????????????????? | | ????????????????????# ? $#???????????????????????? | | ????????????????????##?# #???????????????????????? | | ???????????????????????# #???????????????????????? | | ???????????????????????# ???????????????????????? | | ???????????????????????# ???????????????????????? | | ????????????????????????##???????????????????????? | | ?????????????????????????????????????????????????? | | ?????????????????????????????????????????????????? | | ?????????????????????????????????????????????????? | | ?????????????????????????????????????????????????? | | ?????????????????????????????????????????????????? | | ?????????????????????????????????????????????????? | +----------------------------------------------------+ Best States ------------- Heat Dissipation 35 Energy Generation 10 Energy Capacity 250 Matter Stores 450 Matter Capacity 600 Sight Range 18 Terrain Scan Density 10 Evasion (%) 55 Item Schematics ----------------- None Robot Schematics ------------------ None Fabricated ------------ Nothing Alien Tech Used ----------------- None Achievements -------------- Loot Pinata Challenges ------------ None Game ------ Seed CooledAssembledBoomstick Manual? 0 Play Time 00:10:04 Cumulative 0.6 hours Start 2024.12.29 @ 20:42:33 End 2025.01.04 @ 08:20:12 Sessions 2 Manual Loads 0 Difficulty Rogue Special Mode None Game No. 2 Rogue 2 Adventurer 0 Explorer 0 Win Type - Total 0 Types 0/0/0/0/0/0/0/0/0 Lore% 0 Gallery% 2 Achievement% 2 Wizard Run 0 Options --------- Layout 1 ASCII 0 Keyboard 0 Movement Mouse Keybinds 0 Fullscreen 2 Font 32/SmallcapsGlow Map View 65x17 Zoom Use 36% Tactical HUD 0 Map Filters NONE Filters NONE Steam 1 RUN: 5020ee6c-7b7f-4f80-a8ce-db171dcd5a4b